[Event "*** SCC Grand Prix: Titled Tuesday Blitz"]
[Site "Chess.com"]
[Date "2020.09.29"]
[Round "3"]
[White "saraswathii"]
[Black "PotapovaM"]
[Result "1-0"]
[WhiteElo "2385"]
[BlackElo "2556"]
[TimeControl "180+1"]
[EndTime "10:28:04 PDT"]
[Termination "saraswathii won by checkmate"]

1. e4 c5 2. d3 d5 3. Nd2 e6 4.
Ngf3 Nf6 5. g3 Nc6 6. Bg2 g6 7.
O-O Bg7 8. Qe2 O-O 9. c3 a5 10. a3 a4 11. Re1 b6 12. Nf1 Ba6 13.
e5 Nd7 14. Bf4 Rc8 15. h4 Re8 16. N1h2 Ne7 17. Bh3 Nf5 18. Ng4 Qc7 19. Rad1 d4 20. c4 b5 21. Ng5 bxc4 22. dxc4 Bb7 23. Ne4 Qc6 24. Bg2 Qb6 25. h5 Rb8 26. Nef6+ Bxf6 27. exf6 Bxg2 28. Kxg2 Rb7 29. hxg6 hxg6 30. Rh1 Qxb2 31. Qf3 Rb3 32. Qc6 Rd8 33. Bc7 Rc8 34. Qxd7 Rf8 35.
Rh2 Rc3 36. Rdh1 Qb7+ 37. Kh3 Rc2 38. Qd6 Qf3 39. Qf4 Qd3 40. Nh6+ Kh7 41. Nxf5 Qxf5+ 42. Qxf5 exf5 43. Kg2+ Kg8 44. Rh8# 1-0

[Event "*** SCC Grand Prix: Titled Tuesday Blitz"]
[Site "Chess.com"]
[Date "2020.09.29"]
[Round "3"]
[White "Vamostodorecto"]
[Black "sokidze"]
[Result "0-1"]
[WhiteElo "2397"]
[BlackElo "2611"]
[TimeControl "180+1"]
[EndTime "10:28:05 PDT"]
[Termination "sokidze won by resignation"]

1. d4 Nf6 2. c4 e6 3. Nc3 Bb4 4.
Nf3 b6 5. e3 Bb7 6. Bd3 Ne4 7.
Qc2 Bxc3+ 8. bxc3 f5 9. O-O O-O 10. c5 bxc5 11. Rb1 Qc8 12. Ne5 d6 13. Nc4 Nd7 14. Na5 Ba6 15. c4 Nef6 16. d5 Ne5 17.
dxe6 Nxd3 18. Qxd3 Qxe6 19. Bb2 Rab8 20. Rfd1 Rb6 21.
Bxf6 Qxf6 22. Rxb6 axb6 23. Qd5+ Qf7 24. Nc6 Qxd5 25.
cxd5 Bb7 26. f3 Bxc6 27. dxc6 Ra8 28. Rd2 Kf7 29. Kf2 Ra4 30. Kg3 Ke6 31. h4 d5 32.
h5 Kd6 33. Kh3 Kxc6 34. g4 fxg4+ 35. fxg4 Re4 36. Rf2 Rxe3+ 37. Kh4 Re7 38. h6 gxh6 39. Rf6+ Kb5 40. Rxh6 d4 41. Kg5 d3 42. Kf6 Rd7 43. Rh1 d2 44. Rd1 c4 45. g5 c3 46. Ke6 c2 0-1

[Event "*** SCC Grand Prix: Titled Tuesday Blitz"]
[Site "Chess.com"]
[Date "2020.09.29"]
[Round "3"]
[White "csati17"]
[Black "mapleaff"]
[Result "1-0"]
[WhiteElo "2580"]
[BlackElo "2375"]
[TimeControl "180+1"]
[EndTime "10:28:05 PDT"]
[Termination "csati17 won by checkmate"]

1. c4 Nf6 2. Nc3 e6 3. e4 d5 4. cxd5 exd5 5. e5 Ne4 6. Nf3 c5 7. d4 Nxc3 8. bxc3 cxd4 9. Nxd4 Nc6 10. Bb5 Bd7 11. O-O Nxd4 12. Bxd7+ Qxd7 13. Qxd4 b6 14. Rd1 Rc8 15. Bb2 Rd8 16. e6 fxe6 17. c4 Bc5 18.
Qxg7 Qxg7 19. Bxg7 Rg8 20. Bf6 Rd7 21. cxd5 exd5 22.
Re1+ Kf7 23. Bh4 Re8 24. Rxe8 Kxe8 25. Rd1 Kf7 26. Kf1 Ke6 27. Ke2 d4 28. Kd3 Kd5 29. Re1 Bd6 30. Re4 Bc5 31. f4 Rg7 32. g3 Rf7 33. g4 a5 34. f5 h5 35. h3 b5 36.
Bf2 hxg4 37. hxg4 Rh7 38. Bxd4 Rh3+ 39. Re3 Rh4 40. Re5+ Kd6 41. Rxc5 Rxg4 42. Rxb5 a4 43. Ra5 Rg3+ 44. Kc4 Rf3 45. f6 a3 46. Ra6+ Kc7 47. Kd5 Rf5+ 48. Ke6 Rf4 49. Be5+ Kb7 50. Bxf4 Kxa6 51.
f7 Kb5 52. f8=Q Kc4 53. Qxa3 Kd4 54. Qb3 Ke4 55. a4 Kd4 56. a5 Ke4 57. a6 Kd4 58. a7 Ke4 59. a8=Q+ Kd4 60. Qad5# 1-0

[Event "*** SCC Grand Prix: Titled Tuesday Blitz"]
[Site "Chess.com"]
[Date "2020.09.29"]
[Round "3"]
[White "AnkitGajwa"]
[Black "shineatchess"]
[Result "1-0"]
[WhiteElo "2418"]
[BlackElo "2208"]
[TimeControl "180+1"]
[EndTime "10:28:05 PDT"]
[Termination "AnkitGajwa won on time"]

1. d4 Nf6 2. c4 g6 3. Nc3 Bg7 4. e4 d6 5. Nf3 O-O 6. Be2 Bg4 7. O-O Bxf3 8. Bxf3 e5 9. d5 Nbd7 10. Be3 a5 11. a3 Nc5 12. b4 axb4 13. axb4 Rxa1 14. Qxa1 Nb3 15. Qa7 Nd4 16. Qxb7 Nxf3+ 17. gxf3 Nh5 18. c5 f5 19. cxd6 cxd6 20. Ra1 fxe4 21. Nxe4 h6 22.
Ra7 Kh7 23. Qe7 Qxe7 24. Rxe7 Rb8 25. Nxd6 Rxb4 26. Ne8 Rb1+ 27. Kg2 Kg8 28. Nxg7 Nxg7 29. Rxe5 h5 30. d6 Rd1 31. Bc5 Kf7 32. Re7+ Kf6 33.
Ba3 Nf5 34. Ra7 Nxd6 35. Ra6 Ke6 36. Kg3 Ke5 37. Bxd6+ Rxd6 38. Rxd6 Kxd6 39. Kf4 Ke6 40. Kg5 Kf7 41. f4 Kg7 42. h4 Kf7 43. f5 gxf5 44.
Kxf5 Kg7 45. Kg5 Kh7 46. Kxh5 Kg7 47. Kg5 1-0

[Event "*** SCC Grand Prix: Titled Tuesday Blitz"]
[Site "Chess.com"]
[Date "2020.09.29"]
[Round "3"]
[White "Paladin61"]
[Black "nrvisakh"]
[Result "1/2-1/2"]
[WhiteElo "2633"]
[BlackElo "2806"]
[TimeControl "180+1"]
[EndTime "10:28:06 PDT"]
[Termination "Game drawn by repetition"]

1. b3 Nf6 2. Bb2 c5 3. Nf3 Nc6 4. e3 g6 5. d4 cxd4 6. Nxd4 Bg7 7.
Be2 O-O 8. O-O d5 9. c4 Re8 10. cxd5 Nxd4 11. Qxd4 Qxd5 12. Qxd5 Nxd5 13. Bxg7 Kxg7 14.
Rc1 Be6 15. Nc3 Nxc3 16. Rxc3 Rad8 17. Bf3 Bd5 18. Bxd5 Rxd5 19. Rc7 Red8 20. g3 R8d7 21. Rac1 e6 22. Kg2 a5 23. Kf3 b5 24. Rxd7 Rxd7 25. Rc5 Rd2 26. a4 b4 27. Rxa5 Rd3 28. Rb5 Rxb3 29. a5 Rb2 30. a6 Ra2 31. Rxb4 Rxa6 32. h4 h6 33. Rb7 Ra5 34. Rc7 g5 35. hxg5 hxg5 36. g4 Kf6 37. Kg3 Ra1 38. Kf3 Ra4 39.
Kg3 Kg6 40. Kf3 f5 41. gxf5+ exf5 42. Rc6+ Kf7 43. Rc7+ Ke6 44. Rc6+ Kd5 45. Rc8 g4+ 46. Kg3 Ke4 47. Rd8 Ke5 48. Re8+ Kf6 49. Rf8+ Ke5 50. Re8+ Kf6 51. Rf8+ Ke6 52. Re8+ Kf7 53. Re5 Kf6 54. Re8 Kf7 55. Re5 Kg6 56. Re6+ Kg5 57. Re8 Kf6 1/2-1/2

[Event "*** SCC Grand Prix: Titled Tuesday Blitz"]
[Site "Chess.com"]
[Date "2020.09.29"]
[Round "3"]
[White "Harry_Rakkel"]
[Black "vugarrasulov"]
[Result "0-1"]
[WhiteElo "2582"]
[BlackElo "2792"]
[TimeControl "180+1"]
[EndTime "10:28:06 PDT"]
[Termination "vugarrasulov won on time"]

1. d4 Nf6 2. Nf3 c5 3. d5 b5 4.
a4 b4 5. c4 g6 6. b3 Bg7 7.
Bb2 O-O 8. Nbd2 d6 9. e4 Re8 10. Qc2 e6 11. O-O-O exd5 12. cxd5 Nbd7 13. Bd3 Ng4 14. Nc4 Nb6 15. Rhe1 Ba6 16. Bxg7 Bxc4 17. Bxc4 Kxg7 18. h3 Nf6 19. Nd2 Nh5 20. Re3 Qf6 21. Qb2 Qxb2+ 22. Kxb2 Re7 23. Bb5 Rd8 24. g3 f5 25. g4 fxg4 26. hxg4 Nf4 27. g5 Rf8 28. Rg1 Nh5 29. Rg2 Rf4 30. Be2 Nd7 31. Rh2 Ne5 32. Kc2 Rf8 33. Bxh5 gxh5 34. f3 Kg6 35. Re1 Nxf3 36.
Nxf3 Rxf3 37. Reh1 Rxe4 38. Rxh5 Re2+ 39. Kd1 Rg2 40.
Rh6+ Kxg5 41. Rxd6 Rxb3 42. Kc1 Ra3 43. Kb1 Rb3+ 44. Ka1 c4 45. Rd8 Rd2 46. Rg8+ Kf6 47.
Rf1+ Ke5 48. Re8+ Kd4 49. d6 Kc5 0-1

[Event "*** SCC Grand Prix: Titled Tuesday Blitz"]
[Site "Chess.com"]
[Date "2020.09.29"]
[Round "3"]
[White "Chesstrainer1"]
[Black "Gabrielian_Artur"]
[Result "0-1"]
[WhiteElo "2429"]
[BlackElo "2745"]
[TimeControl "180+1"]
[EndTime "10:28:06 PDT"]
[Termination "Gabrielian_Artur won on time"]

1. Nf3 Nf6 2. c4 g6 3. Nc3 Bg7 4. e4 O-O 5. d4 d6 6. h3 e5 7. d5 Na6 8. Be3 Nc5 9. Nd2 a5 10. g4 c6 11. Be2 a4 12. a3 Qa5 13.
Kf1 cxd5 14. cxd5 Bd7 15. h4 b5 16. h5 b4 17. Nc4 Qc7 18. axb4 Ncxe4 19. Nxe4 Nxe4 20.
Rc1 Qb7 21. Nb6 Rab8 22. Kg2 Nf6 23. h6 Bh8 24. g5 Nh5 25. Rxh5 gxh5 26. Bd3 f5 27.
gxf6 Bxf6 28. Qxh5 Kh8 29. Kh2 e4 30. Bxe4 Be5+ 31. Kh1 Be8 32. Qh3 Qf7 33. f4 Bxb2 34. Rg1 Qh5 35. Qxh5 Bxh5 36. Nd7 Rfe8 37. Nxb8 Rxe4 38.
Bd2 Re8 39. Nc6 Bf3+ 40. Kh2 Bxd5 41. b5 Re2+ 42. Kh3 Rxd2 43. Ne7 Rd3+ 44. Kg4 Bf7 0-1

[Event "*** SCC Grand Prix: Titled Tuesday Blitz"]
[Site "Chess.com"]
[Date "2020.09.29"]
[Round "3"]
[White "Martins-BR"]
[Black "Rodalquilar"]
[Result "0-1"]
[WhiteElo "2295"]
[BlackElo "2778"]
[TimeControl "180+1"]
[EndTime "10:28:06 PDT"]
[Termination "Rodalquilar won by resignation"]

1. e4 d5 2. exd5 Qxd5 3. Nc3 Qa5 4. d4 Nf6 5. Bc4 Bg4 6. f3 Bf5 7. g4 Bg6 8. h4 h5 9. g5 Nfd7 10. Bd2 c6 11. Nge2 e5 12. d5 Qc5 13. Bb3 Qb6 14.
Na4 Qc7 15. Be3 Na6 16. dxc6 bxc6 17. Qd2 Nac5 18. Nxc5 Bxc5 19. O-O-O O-O-O 20. Nc3 Qb6 21. Bxc5 Nxc5 22. Qe2 Nxb3+ 23. axb3 Qa5 24. Na4 Rhe8 25. Rxd8+ Rxd8 26. Qe1 Qxe1+ 27. Rxe1 Rd5 28. Nc3 Rd4 29. Ne4 Bxe4 30. Rxe4 Rxe4 31. fxe4 Kd7 32. Kd2 Ke6 33. b4 f6 34. gxf6 Kxf6 35. Ke3 g5 36. hxg5+ Kxg5 37. Kf3 h4 38. c4 a6 39. b5 axb5 40. cxb5 cxb5 41. b4 h3 42. Kg3 h2 43. Kxh2 Kf4 44.
Kg2 Kxe4 45. Kf2 Kd3 0-1

[Event "*** SCC Grand Prix: Titled Tuesday Blitz"]
[Site "Chess.com"]
[Date "2020.09.29"]
[Round "3"]
[White "Supernotar"]
[Black "Reader777"]
[Result "0-1"]
[WhiteElo "2798"]
[BlackElo "2643"]
[TimeControl "180+1"]
[EndTime "10:28:07 PDT"]
[Termination "Reader777 won on time"]

1. d4 Nf6 2. c4 e6 3. Nf3 d5 4.
e3 c5 5. dxc5 Bxc5 6. a3 a5 7.
Nc3 Nc6 8. cxd5 exd5 9. Nb5 O-O 10. Be2 Re8 11. O-O Ne4 12. b3 Qf6 13. Rb1 Qd8 14. Bb2 Be6 15. Nfd4 Nxd4 16. Nxd4 Rc8 17.
Rc1 Qe7 18. Nxe6 fxe6 19. a4 Rf8 20. Bf3 Ng5 21. Bg4 Ne4 22. Qd3 Nxf2 23. Rxf2 Rxf2 24. Rxc5 Qxc5 25. Kxf2 Qc2+ 26. Qe2 Qe4 27. Bf3 Qb1 28.
Kg3 Qg6+ 29. Kh3 Rc2 30. Qb5 Rxb2 31. Qxb7 h5 32. Qa8+ Kh7 33. Qxa5 Qf5+ 34. Kg3 Rxb3 35. Qc5 Qe5+ 36. Kh3 Qxe3 37. Qe7 Qe5 38. a5 Qf4 39. Qxe6 Rd3 40. a6 Ra3 41. a7 Rxa7 42. Qxd5 g6 43. Qe4 Qf6 44. Qc4 Re7 0-1

[Event "*** SCC Grand Prix: Titled Tuesday Blitz"]
[Site "Chess.com"]
[Date "2020.09.29"]
[Round "3"]
[White "elcandado"]
[Black "GMaka"]
[Result "1-0"]
[WhiteElo "2566"]
[BlackElo "2365"]
[TimeControl "180+1"]
[EndTime "10:28:07 PDT"]
[Termination "elcandado won on time"]

1. d4 Nf6 2. Bf4 d5 3. e3 c6 4. Nd2 Bg4 5. Ngf3 e6 6. c4 Bd6 7. Bg3 Bxg3 8. hxg3 Qa5 9. Be2 O-O 10. Qc2 h6 11. a3 Nbd7 12. O-O Bf5 13. Bd3 Bxd3 14.
Qxd3 Qa6 15. Qc2 b5 16. c5 Qb7 17. a4 a5 18. axb5 Qxb5 19. b3 Nb8 20. Qc3 Nbd7 21. Ra4 Ra6 22. Rfa1 Rfa8 23. R1a2 Ne8 24. Qa1 Nef6 25. b4 Ng4 26. Qf1 Qxf1+ 27. Kxf1 e5 28. Rxa5 Rxa5 29. Rxa5 Rb8 30. Ra4 e4 31. Ne1 Rb7 32. Nc2 Nb8 33. Ra8 Kh7 34. Nb3 Nd7 35. Na5 Rc7 36. Ra6 Nb8 37. Rb6 Rc8 38. Na3 Nf6 39. Rb7 Nfd7 40. b5 cxb5 41. Nxb5 Kg6 42. Ke2 Nf6 43. Nd6 Rf8 44. Nxf7 Rxf7 45. Rxb8 Ra7 46. Rb5 Ng4 47. c6 1-0

[Event "*** SCC Grand Prix: Titled Tuesday Blitz"]
[Site "Chess.com"]
[Date "2020.09.29"]
[Round "3"]
[White "davidkalashian"]
[Black "Forantes"]
[Result "1-0"]
[WhiteElo "2579"]
[BlackElo "2374"]
[TimeControl "180+1"]
[EndTime "10:28:08 PDT"]
[Termination "davidkalashian won by resignation"]

1. d4 Nf6 2. c4 g6 3. Nc3 d5 4. Bf4 Bg7 5. e3 O-O 6. Rc1 c5 7. dxc5 Qa5 8. cxd5 Rd8 9. Bc4 Ne4 10. Ne2 Nxc5 11.
O-O Nbd7 12. a3 Qb6 13. b4 Na6 14. Na4 Qf6 15. Nd4 Nb6 16. Nxb6 axb6 17. Qb3 h5 18. h3 g5 19. Bh2 h4 20. Be2 g4 21.
Bxg4 Bxg4 22. hxg4 Qg5 23. Nf5 Qxg4 24. Nxg7 Kxg7 25.
Qc3+ f6 26. Qd3 h3 27. Bg3 Rh8 28. Rc4 Qg5 29. Qe4 b5 30. Qxe7+ Kg6 31. Qe4+ f5 32. Qe6+ Kg7 33. Rf4 hxg2 34. Kxg2 Qh5 35. Rh4 Qg5 36. Rfh1 Rxh4 37. Rxh4 Rh8 38. Qe5+ Kg6 39. Qxh8 Kf7 40. Qh5+ Qxh5 41. Rxh5 1-0

[Event "*** SCC Grand Prix: Titled Tuesday Blitz"]
[Site "Chess.com"]
[Date "2020.09.29"]
[Round "3"]
[White "Mazetovic"]
[Black "MF1966Idrisov"]
[Result "1-0"]
[WhiteElo "2552"]
[BlackElo "2361"]
[TimeControl "180+1"]
[EndTime "10:28:09 PDT"]
[Termination "Mazetovic won on time"]

1. e4 c5 2. Nf3 d6 3. Bb5+ Bd7 4. Bxd7+ Qxd7 5. O-O Nc6 6. c3 Nf6 7. Re1 e5 8. d4 cxd4 9. cxd4 Be7 10. Nc3 Rd8 11.
Bg5 O-O 12. Bxf6 Bxf6 13. Nd5 Be7 14. Qd3 Rfe8 15. Rad1 Bf8 16. dxe5 Nxe5 17. Nxe5 Rxe5 18. Rc1 Rde8 19. f3 f5 20. Rc4 Qb5 21. Re2 fxe4 22. fxe4 h6 23. a4 Qa6 24. g3 b5 25. axb5 Qxb5 26.
Kg2 Rb8 27. b4 a5 28. bxa5 Qxa5 29. Rc7 Qa1 30. Qc4 Kh8 31. Nf4 Kh7 32. Qf7 Rg5 33.
h4 Rc5 34. Qg6+ Kh8 35. Ne6 Rc1 36. Rf7 Rg1+ 37. Kh3 Rf1 38. Ref2 Rxf2 39. Rxf2 Qe5 40. Rxf8+ Rxf8 41. Nxf8 Qa1 42. Ne6 Qh1+ 43. Kg4 Qd1+ 44.
Kf5 1-0

[Event "*** SCC Grand Prix: Titled Tuesday Blitz"]
[Site "Chess.com"]
[Date "2020.09.29"]
[Round "3"]
[White "ZverevLev"]
[Black "IngOscarArdila"]
[Result "1-0"]
[WhiteElo "2366"]
[BlackElo "2151"]
[TimeControl "180+1"]
[EndTime "10:28:11 PDT"]
[Termination "ZverevLev won by resignation"]

1. e4 e5 2. Nf3 Nc6 3. Bc4 Be7 4. c3 Nf6 5. d3 d6 6. Bb3 O-O 7. Nbd2 Bg4 8. O-O Qd7 9. h3 Bh5 10. Re1 Rfe8 11. Nf1 Rad8 12. Ng3 Bg6 13. d4 exd4 14. cxd4 Na5 15. Bc2 c5 16. Qe2 b5 17. b3 a6 18. Bb2 Nc6 19. Rad1 Qc7 20. dxc5 dxc5 21. Rxd8 Rxd8 22. e5 Nd5 23. Bxg6 hxg6 24. Qe4 Bf8 25. Qg4 Ndb4 26. e6 Nd3 27. exf7+ Qxf7 28. Re2 Nxb2 29.
Rxb2 Rd1+ 30. Kh2 Bd6 31. Ng5 Qf5 32. Qxd1 Bxg3+ 33. fxg3 Qxg5 34. Rd2 Nd4 35. Rd3 Qd5 36. Qd2 g5 37. Qe3 g4 38. Qe8+ Kh7 39. hxg4 Nf3+ 40.
Rxf3 Qg5 41. Qh5+ Qxh5+ 42. gxh5 1-0

[Event "*** SCC Grand Prix: Titled Tuesday Blitz"]
[Site "Chess.com"]
[Date "2020.09.29"]
[Round "3"]
[White "Evgeny81"]
[Black "exoticprincess"]
[Result "0-1"]
[WhiteElo "2665"]
[BlackElo "2902"]
[TimeControl "180+1"]
[EndTime "10:28:12 PDT"]
[Termination "exoticprincess won on time"]

1. Nf3 c6 2. c4 d5 3. e3 Nf6 4. Nc3 g6 5. d4 Bg7 6. Be2 O-O 7. O-O Na6 8. b3 Nc7 9. a4 a5 10. Ba3 Re8 11. Rc1 Bg4 12. h3 Bxf3 13. Bxf3 e6 14. g3 Na6 15. Bg2 Bf8 16. Bxf8 Rxf8 17. e4 dxe4 18. Bxe4 Nb4 19. Qd2 Qe7 20. Qe3 Rfd8 21. Bg2 Rd7 22. Rfd1 Rad8 23. Bf3 h5 24. h4 Kg7 25. Qe5 c5 26. Qxc5 Qxc5 27. dxc5 Rxd1+ 28. Rxd1 Rxd1+ 29. Nxd1 Nd7 30. Bxb7 Nxc5 31. Bf3 Nxb3 32. Nc3 Kf6 33. Be2 Ke5 34. Nb5 Nc5 35. f4+ Kf6 36. Nc3 Ke7 37. Kf2 Kd6 38. Ke3 Nc2+ 39. Kd2 Nd4 40.
Ke3 Nf5+ 41. Kf2 Nd4 42. Ke3 e5 43. Bf1 Nf5+ 44. Kf2 e4 45. Bg2 Nd3+ 46. Kg1 Nxg3 47. Bxe4 Nxf4 48. Kh2 Nge2 49. Nb5+ Kc5 50. Bf3 f5 51. Na7 Nd4 52. Nb5 Nxf3+ 53. Kg3 Nxh4 54. Kxf4 Kxc4 0-1

[Event "*** SCC Grand Prix: Titled Tuesday Blitz"]
[Site "Chess.com"]
[Date "2020.09.29"]
[Round "3"]
[White "ClydeHillKid"]
[Black "Korchmar_Vasiliy"]
[Result "0-1"]
[WhiteElo "2374"]
[BlackElo "2579"]
[TimeControl "180+1"]
[EndTime "10:28:12 PDT"]
[Termination "Korchmar_Vasiliy won by resignation"]

1. e4 c5 2. Nf3 d6 3. d4 cxd4 4. Nxd4 Nf6 5. Nc3 Nc6 6. Bc4 e6 7. O-O Be7 8. Be3 O-O 9. h3 Bd7 10. Qe2 Rc8 11. Rad1 Nxd4 12. Bxd4 Qc7 13. Bb3 a6 14. g4 Bc6 15. f4 b5 16. a3 Qb7 17.
f5 e5 18. Be3 Nxe4 19. Nxe4 Bxe4 20. g5 d5 21. f6 Bc5 22. Bxc5 Rxc5 23. c3 Qb6 24. Qe3 Rd8 25. fxg7 Rc6 26. Qxb6 Rxb6 27. Rf6 Rbd6 28. Rdf1 R8d7 29. Rxd6 Rxd6 30. Rf6 Re6 31.
Rxe6 fxe6 32. Kf2 Kxg7 33. Ke3 Kg6 34. h4 Kh5 35. a4 Kxh4 36. axb5 axb5 37. g6 hxg6 38. Bd1 g5 39. Be2 g4 40. Bxb5 g3 41. Bf1 g2 42. Bxg2 Bxg2 43. b4 Bf1 44. Kf2 Bb5 45.
Ke3 Kg4 46. Kf2 Kf4 47. Ke1 Ke4 48. Kd2 Kf3 49. Kc2 e4 50. Kd2 Kf2 51. c4 e3+ 52. Kd1 Bxc4 0-1

[Event "*** SCC Grand Prix: Titled Tuesday Blitz"]
[Site "Chess.com"]
[Date "2020.09.29"]
[Round "3"]
[White "ChessArchitect64"]
[Black "Jadeit90"]
[Result "0-1"]
[WhiteElo "1982"]
[BlackElo "2318"]
[TimeControl "180+1"]
[EndTime "10:28:12 PDT"]
[Termination "Jadeit90 won by resignation"]

1. e4 g6 2. d4 Bg7 3. Nc3 c5 4.
d5 d6 5. f4 Nf6 6. Nf3 O-O 7.
Bd3 e6 8. dxe6 Bxe6 9. O-O Nc6 10. h3 b5 11. Bxb5 Qb6 12. Be3 a6 13. Bxc6 Qxc6 14. Nd2 Rab8 15. Rb1 Rfd8 16. Qf3 d5 17. e5 Nd7 18. Nb3 Rb4 19. a3 Rb6 20. Bf2 d4 21.
Qxc6 Rxc6 22. Ne4 d3 23. cxd3 Bxb3 24. Nd6 Bd5 25. Rbc1 f6 26. d4 fxe5 27. dxe5 Bf8 28. Nc4 Bxc4 29. Rxc4 Nb6 30. Rc2 c4 31. Rfc1 Na4 32.
Rxc4 Rxc4 33. Rxc4 Nxb2 34. Rc6 Bxa3 35. Rxa6 Bf8 36.
g3 Nd3 37. Be3 g5 38. Kg2 Bc5 39. Bxc5 Nxc5 40. Rc6 Nd3 41. Rf6 gxf4 42. gxf4 Rf8 43.
Rxf8+ Kxf8 44. Kf3 Kf7 45. Ke4 Nf2+ 46. Kf3 Nxh3 47.
Kg4 Nf2+ 48. Kf3 Nd3 49. Ke3 Nc5 50. Kf3 Ke6 51. Kg4 Nd3 52. Kg5 Kf7 53. Kh6 Kg8 54. Kg5 Kg7 55. e6 Nc5 56. f5 Ne4+ 57. Kf4 Nf6 58. Kg5 h6+ 59. Kh4 Kf8 60. Kg3 Ke7 61. Kf4 Kd6 62. Kg3 Ke5 63. e7 Kxf5 64. Kh4 Kg6 65.
Kg3 Kf7 66. Kh4 Kxe7 67. Kg3 Ke6 68. Kh4 Kf5 0-1

[Event "*** SCC Grand Prix: Titled Tuesday Blitz"]
[Site "Chess.com"]
[Date "2020.09.29"]
[Round "3"]
[White "awesomevishesh"]
[Black "RobertoJBM"]
[Result "0-1"]
[WhiteElo "2428"]
[BlackElo "2714"]
[TimeControl "180+1"]
[EndTime "10:28:14 PDT"]
[Termination "RobertoJBM won on time"]

1. e4 c6 2. Nf3 d5 3. d3 g6 4. Qe2 Bg7 5. g3 e6 6. Bg2 Ne7 7. O-O O-O 8. e5 c5 9. c3 Nec6 10. h4 h6 11. Bf4 Kh7 12. Nbd2 b5 13. Rfe1 Bb7 14. Nf1 Nd7 15. N1h2 Qe7 16. Ng4 Rae8 17. d4 a6 18. Qd2 f5 19. Nxh6 cxd4 20. cxd4 Qb4 21.
Qe3 Qxb2 22. Rec1 Qb4 23. Rab1 Qa5 24. Ng5+ Kxh6 25. Nxe6+ Kh7 26. Nxf8+ Nxf8 27. Bxd5 Nd8 28. Bxb7 Nxb7 29. h5 Nd6 30. hxg6+ Nxg6 31. Bg5 Ne4 32. Kg2 Kg8 33. Rh1 b4 34. Rbc1 Qd5 35. f3 Nc3 36.
Rhe1 Nf8 37. a3 a5 38. axb4 axb4 39. Ra1 Ne6 40. Bf6 Qxd4 41. Bxg7 Qxe3 42. Rxe3 Kxg7 43. f4 Rb8 44. Ree1 Rb7 45. Ra6 Kf7 46. Rc6 Nd4 47.
Rc4 Nc2 48. e6+ Ke7 49. Re5 Na3 0-1

[Event "*** SCC Grand Prix: Titled Tuesday Blitz"]
[Site "Chess.com"]
[Date "2020.09.29"]
[Round "3"]
[White "Sibelephant"]
[Black "Pultis"]
[Result "0-1"]
[WhiteElo "3046"]
[BlackElo "2725"]
[TimeControl "180+1"]
[EndTime "10:28:15 PDT"]
[Termination "Pultis won by resignation"]

1. c4 c6 2. e4 d5 3. exd5 cxd5 4. d4 Nf6 5. Nc3 Nc6 6. Bf4 e6 7. c5 Ne4 8. Nf3 Nxc3 9. bxc3 g6 10. Bb5 Bd7 11. Rb1 Bg7 12. h4 O-O 13. h5 Qa5 14. Qd2 Rfe8 15. hxg6 hxg6 16. Bh6 Bf6 17. Qf4 Qxc3+ 18. Kf1 Be7 19. Bg5 Nxd4 20. Nxd4 Bxg5 21. Qe5 Bxb5+ 22. Rxb5 Qc1+ 23. Ke2 Qxh1 24. Qxg5 e5 25. Nf5 Qh5+ 26. Qxh5 gxh5 27. Nd6 Re7 28. Nxb7 Rb8 29. c6 Rc7 30. Rc5 Kg7 31. Nd6 Kf6 32. Nb5 Rxb5 33.
Rxb5 Ke6 34. Ra5 Kd6 35. Ra6 f6 36. a4 Rxc6 37. Rxa7 Rc2+ 38. Ke1 Ke6 39. a5 Ra2 40. a6 Kf5 41. Ra8 h4 42. a7 d4 43. f3 Kf4 44.
Kd1 Ke3 45. Kc1 d3 46. Kb1 Ra6 47. Kb2 d2 48. Kc2 Rc6+ 0-1

[Event "*** SCC Grand Prix: Titled Tuesday Blitz"]
[Site "Chess.com"]
[Date "2020.09.29"]
[Round "3"]
[White "maxip32"]
[Black "WIDBIFS"]
[Result "0-1"]
[WhiteElo "2359"]
[BlackElo "2625"]
[TimeControl "180+1"]
[EndTime "10:28:15 PDT"]
[Termination "WIDBIFS won on time"]

1. e4 c6 2. d4 d5 3. e5 Bf5 4. h4 h5 5. c4 e6 6. Nc3 Nd7 7. cxd5 cxd5 8. Bd3 Ne7 9. Bg5 Bxd3 10. Qxd3 a6 11. Nf3 Qb6 12. O-O Nc6 13. a3 g6 14.
b4 Bg7 15. Rac1 O-O 16. Rc2 Rfc8 17. Rfc1 Bf8 18. Be3 Qd8 19. Na4 Nb6 20. Bg5 Qc7 21.
Nc5 Nc4 22. Nd2 b5 23. Nxc4 dxc4 24. Qc3 a5 25. Rd1 axb4 26. axb4 Be7 27. Bxe7 Nxe7 28. g3 Nd5 29. Qe1 Ra3 30. Ne4 Rca8 31. Kg2 Qa7 32.
Qe2 Ra2 33. Rxa2 Qxa2 34. Rd2 Qb3 35. Nc5 Qxb4 36. Ra2 Ra5 37. Rxa5 Qxa5 38. Qf3 c3 39. g4 hxg4 40. Qxg4 c2 41. h5 c1=Q 42. hxg6 Nf4+ 43.
Kg3 Qac3+ 44. Kh4 Nxg6+ 45. Kh5 Qh1+ 46. Kg5 Qd2+ 47. f4 Qdg2 0-1

[Event "*** SCC Grand Prix: Titled Tuesday Blitz"]
[Site "Chess.com"]
[Date "2020.09.29"]
[Round "3"]
[White "Indianlad"]
[Black "belisarius64"]
[Result "1-0"]
[WhiteElo "2937"]
[BlackElo "2686"]
[TimeControl "180+1"]
[EndTime "10:28:16 PDT"]
[Termination "Indianlad won by resignation"]

1. c4 g6 2. g3 Bg7 3. Bg2 d6 4. Nc3 Nf6 5. Nf3 O-O 6. d4 Nc6 7. Bf4 Nd7 8. O-O e5 9. Bg5 f6 10. Be3 f5 11. Bg5 Bf6 12. Bxf6 Nxf6 13. dxe5 dxe5 14.
Qxd8 Rxd8 15. Rfd1 Be6 16. b3 Kf8 17. Ng5 Bg8 18.
Bxc6 bxc6 19. Nf3 Nd7 20. Rd2 Ke7 21. Rad1 e4 22. Nd4 Ne5 23. f4 exf3 24. Nxf3 Rxd2 25.
Rxd2 Nd7 26. e4 fxe4 27. Nxe4 a5 28. Nd4 Ra6 29. Nf3 Be6 30. Nfg5 Bf5 31. Nc3 h6 32. Nf3 Nc5 33. Nd4 Bd7 34. Re2+ Kd6 35. Rd2 Ke7 36. Kg2 a4 37. b4 Ne6 38. Ne4 Ra8 39. a3 Rd8 40. Kf3 Nxd4+ 41. Rxd4 Bg4+ 42. Ke3 Rf8 43. Nd2 Be6 44. Rf4 Rd8 45. Nf3 Rd1 46. Re4 Kf6 47. Rf4+ Ke7 48. Nd4 Ra1 49. Re4 Rxa3+ 50. Kd2 Ra2+ 51.
Kc3 Rxh2 52. Rxe6+ Kf7 53. Rxc6 a3 54. Rxc7+ Kf6 55. Ra7 a2 56. b5 Rg2 57. b6 Rg1 58. Rxa2 Rxg3+ 59. Kb4 Rg1 60. b7 1-0

[Event "*** SCC Grand Prix: Titled Tuesday Blitz"]
[Site "Chess.com"]
[Date "2020.09.29"]
[Round "3"]
[White "DishonorOnYourCow"]
[Black "Vesper2018"]
[Result "0-1"]
[WhiteElo "2388"]
[BlackElo "2605"]
[TimeControl "180+1"]
[EndTime "10:28:16 PDT"]
[Termination "Vesper2018 won on time"]

1. d4 Nf6 2. c4 g6 3. Nc3 Bg7 4. e4 d6 5. f4 O-O 6. Nf3 c5 7. d5 e6 8. dxe6 fxe6 9. Bd3 Nc6 10. O-O e5 11. f5 Nd4 12. Ng5 Qe8 13. fxg6 Qxg6 14. Nd5 Nxd5 15. exd5 Bf5 16. Bxf5 Rxf5 17. Rxf5 Qxf5 18. Bd2 Rf8 19. Nh3 Qd3 20. Bg5 Qxc4 21. Be7 Rf5 22. Bxd6 Qxd5 23. Bb8 e4 24. Qg4 e3 25.
Re1 e2 26. Nf2 Qf7 27. Bg3 h5 28. Qe4 b5 29. h3 c4 30. Rxe2 Nxe2+ 31. Qxe2 b4 32.
Qe4 Qd5 33. Qe8+ Rf8 34. Qe2 c3 35. bxc3 bxc3 36. Kh2 Qc5 37. Qe6+ Rf7 38. Ne4 Qf5 39. Qe8+ Rf8 40. Qa4 Rd8 41. Nd6 Qe6 42. Ne4 Re8 43.
Nc5 Qe7 44. Nb3 Qf7 45. Qb5 Re3 46. Qc6 Rxg3 0-1

[Event "*** SCC Grand Prix: Titled Tuesday Blitz"]
[Site "Chess.com"]
[Date "2020.09.29"]
[Round "3"]
[White "ALeks_Ivlev"]
[Black "FM_VS99"]
[Result "0-1"]
[WhiteElo "2539"]
[BlackElo "2385"]
[TimeControl "180+1"]
[EndTime "10:28:17 PDT"]
[Termination "FM_VS99 won by checkmate"]

1. d4 g6 2. c4 Bg7 3. Nc3 d6 4.
e4 e5 5. d5 a5 6. Be3 Na6 7.
h4 h5 8. Be2 Bh6 9. Qd2 Bxe3 10. Qxe3 Nf6 11. O-O-O Nc5 12. f3 a4 13. Nh3 Bxh3 14.
Rxh3 Qd7 15. Kb1 O-O-O 16. Rhh1 Kb8 17. Rhg1 Rdg8 18. g4 hxg4 19. fxg4 Qd8 20. g5 Nh5 21. Bxh5 Rxh5 22. Qf2 Qe8 23. Rdf1 Rg7 24. Rg4 Rgh7 25. Kc2 Qd7 26. Qg3 Na6 27. a3 Nc5 28. Rf6 Nb3 29. Kb1 Nd4 30. Ka2 Qc8 31. Qg2 b6 32. Nxa4 Qa6 33. b3 b5 34. Nc5 Qa7 35. Nd7+ Kc8 36. Nf8 Rg7 37. cxb5 Nxb5 38. Qf2 Qxa3+ 39. Kb1 Qxb3+ 40. Kc1 Nd4 41. Qb2 Qe3+ 42. Kb1 Nb3 43.
Ka2 Nc1+ 44. Kb1 Nd3 45. Qa3 Qb6+ 46. Kc2 Nb4+ 47. Kc3 Na6 48. Qb3 Qc5+ 49. Qc4 Qe3+ 50. Kb2 Qd2+ 51. Kb3 Nc5+ 52. Ka3 Qe3+ 53. Ka2 Qf2+ 54.
Kb1 Qe1+ 55. Ka2 Qd2+ 56. Ka3 Qe3+ 57. Qb3 Qxb3# 0-1